 Dungeon Crawl Stone Soup version 0.29.0-4-gdea44cf6ec (webtiles) character file.

Game seed: 12581059176328379984

73 qw the Ruffian (level 4, -7/35 HPs)
             Began as a Ghoul Fire Elementalist on Aug 30, 2022.
             Mangled by a gnoll
             ... wielding a +0 halberd
             ... led by a gnoll sergeant
              (9 damage)
             ... on level 3 of the Dungeon.
             The game lasted 00:01:54 (2758 turns).

qw the Ruffian (Ghoul Fire Elementalist)            Turns: 2758, Time: 00:01:54

Health: -7/35      AC:  3    Str: 13    XL:     4   Next: 27%
Magic:  5/5        EV: 11    Int: 10    God:
Gold:   109        SH:  0    Dex:  9    Spells: 5/6 levels left

rFire   . . .      SeeInvis .     - Unarmed
rCold   + . .      Faith    .   (no shield)
rNeg    + + +      Spirit   .   c - +0 leather armour
rPois   inf        Reflect  .   (no helmet)
rElec   .          Harm     .   (no cloak)
rCorr   .          Rampage  .   (no gloves)
Will    .....                   (no boots)
Stlth   +.........              (no amulet)
HPRegen 0.00/turn               (no ring)
MPRegen 0.09/turn               (no ring)

@: inhibited regen
A: claws 1, cold resistance 1, negative energy resistance 3, inhibited
regeneration, torment resistance 2, devour on kill
a: no special abilities


You were on level 3 of the Dungeon.
You visited 1 branch of the dungeon, and saw 3 of its levels.

You collected 109 gold pieces.


Innate Abilities, Weirdness & Mutations

You are immune to poison.
You have sharp fingernails.
Your flesh is cold resistant. (rC+)
You are immune to negative energy. (rN+++)
You do not regenerate when monsters are visible.
You are immune to unholy pain and torment.
You thrive by killing the living.


   Skills:
 - Level 1.0 Fighting
 - Level 1.7 Dodging
 - Level 2.1 Stealth
 + Level 3.9 Unarmed Combat
 - Level 1.7 Spellcasting
 - Level 0.7 Conjurations
 - Level 2.4 Fire Magic


You had 5 spell levels left.
You knew the following spells:

 Your Spells              Type           Power      Damage    Failure   Level
a - Foxfire               Conj/Fire      16%        2x1d4     22%         1

Your spell library contained the following spells:

 Spells                   Type           Power      Damage    Failure   Level
 Scorch                   Fire           10%        2d6       22%         2
 Conjure Flame            Conj/Fire      4%         6-21      54%         3
 Inner Flame              Hex/Fire       3%         N/A       58%         3
 Flame Wave               Conj/Fire      4%         2d5       91%         4

Inventory:

Armour
 c - a +0 leather armour (worn)
Scrolls
 e - a scroll of identify
Potions
 a - 2 potions of heal wounds {unknown}
 d - a potion of haste
 f - a potion of curing
 g - a potion of lignification {unknown}
 h - a potion of might {unknown}

Dungeon Overview and Level Annotations

Branches:
Dungeon (3/15)

Altars:
Ashenzari


Message History

You closely miss the kobold.
The kobold hits you with a +0 short sword.
You closely miss the kobold. The kobold barely misses you.
You scratch the kobold.
The kobold is severely wounded.
The kobold hits you with a +0 short sword.
You barely miss the kobold.
The kobold is severely wounded.
You scratch the kobold.
You kill the kobold!
You start resting.
HP restored.
Things that are here:
a +0 short sword; 5 stones You now have 109 gold pieces (gained 7). 2 gnolls come into view.
2646 ||| Stepping ~*~*~tactically~*~*~ (hiding).
You start waiting.
Done waiting.
The gnoll shouts!
A gnoll comes into view. It is wielding a +0 halberd.
A gnoll comes into view. It is wielding a +0 spear.
2748 ||| Stepping ~*~*~tactically~*~*~ (hiding).
You start waiting.
A gnoll is nearby!
You closely miss the gnoll. The gnoll hits you with a +0 club.
You claw the gnoll!
The gnoll is heavily wounded.
The gnoll completely misses you. The gnoll barely misses you.
You scratch the gnoll.
The gnoll is severely wounded.
The gnoll completely misses you.
The gnoll hits you from afar with a +0 halberd!
You claw the gnoll!
You kill the gnoll!
The gnoll hits you from afar with a +0 halberd!
The gnoll hits you with a +0 halberd!
You die... . .. ### ... #.. .. #.# .# #. ####.# #.# #ss

..##. #.g..# #.# #### ..#.#
#@# #.####... .... #.##
#.##..... #..
#.##>#####.##.#...
#..#####.# ..>....##.####
#.##........#####..#.##.##SS
#......)............%.%..#..
######.#########...#.#####.~
#.# #.#.......### #.#
#...#.#####


You could see a gnoll.

Vanquished Creatures
  A gnoll (D:3)
  2 adders (D:2)
  A dart slug (D:2)
  2 ball pythons
  3 bats (D:2)
  9 endoplasms
  2 giant cockroaches
  5 goblins
  4 hobgoblins (D:2)
  2 quokkas
  2 frilled lizards
  3 kobolds
  A rat (D:2)
37 creatures vanquished.

Notes
Turn   | Place    | Note
-------+----------+-------------------------------------------
     0 | D:1      | qw the Ghoul Fire Elementalist began the quest for the Orb.
     0 | D:1      | Reached XP level 1. HP: 14/14 MP: 2/2
     0 | D:1      | 0 ||| qw: Version: 0.1-a-90-g952f4b7
     0 | D:1      | 0 ||| qw: Game counter: 4340
     0 | D:1      | 0 ||| qw: Always use a shield: true
     0 | D:1      | 0 ||| qw: God list: Okawaru
     0 | D:1      | 0 ||| qw: Allow faded altars: false
     0 | D:1      | 0 ||| qw: Do Orc after D:15 true
     0 | D:1      | 0 ||| qw: Do second Lair branch before Depths: true
     0 | D:1      | 0 ||| qw: Lair rune preference: random
     0 | D:1      | 0 ||| qw: Plans: Normal
     0 | D:1      | 0 ||| PLANNING D:1-11
    17 | D:1      | Noticed a wolf
    17 | D:1      | Noticed a black bear
    17 | D:1      | Noticed a wyvern
    17 | D:1      | Noticed a redback
    17 | D:1      | Noticed a lindwurm
    23 | D:1      | 23 ||| Stepping ~*~*~tactically~*~*~ (outnumbered).
    24 | D:1      | 24 ||| Stepping ~*~*~tactically~*~*~ (outnumbered).
   149 | D:1      | Found a faded altar of an unknown god.
   176 | D:1      | 176 ||| Stepping ~*~*~tactically~*~*~ (stealth).
   178 | D:1      | 178 ||| Stepping ~*~*~tactically~*~*~ (stealth).
   180 | D:1      | 180 ||| Stepping ~*~*~tactically~*~*~ (stealth).
   182 | D:1      | 182 ||| Stepping ~*~*~tactically~*~*~ (stealth).
   189 | D:1      | Reached skill level 1 in Unarmed Combat
   352 | D:1      | Reached XP level 2. HP: 22/22 MP: 3/3
   400 | D:1      | Reached skill level 1 in Fighting
   759 | D:1      | 759 ||| UPGRADING to +0 leather armour.
   769 | D:1      | 769 ||| DROPPING +0 robe.
   770 | D:1      | 770 ||| READING 2 scrolls labelled JORUKIKHON.
   771 | D:1      | 771 ||| READING scroll labelled COVYKHL UPEILA.
   772 | D:1      | 772 ||| READING scroll labelled KORAOME CATSE.
   773 | D:1      | 773 ||| DROPPING potion of magic.
   788 | D:2      | 788 ||| Stepping ~*~*~tactically~*~*~ (outnumbered).
   789 | D:2      | 789 ||| Stepping ~*~*~tactically~*~*~ (outnumbered).
   792 | D:2      | 792 ||| Stepping ~*~*~tactically~*~*~ (outnumbered).
   793 | D:2      | 793 ||| Stepping ~*~*~tactically~*~*~ (outnumbered).
   794 | D:2      | 794 ||| Stepping ~*~*~tactically~*~*~ (outnumbered).
   795 | D:2      | 795 ||| Stepping ~*~*~tactically~*~*~ (outnumbered).
   796 | D:2      | 796 ||| Stepping ~*~*~tactically~*~*~ (outnumbered).
   797 | D:2      | 797 ||| Stepping ~*~*~tactically~*~*~ (outnumbered).
  1147 | D:2      | Reached skill level 2 in Unarmed Combat
  1460 | D:2      | Reached XP level 3. HP: 16/28 MP: 4/4
  1648 | D:2      | 1648 ||| Stepping ~*~*~tactically~*~*~ (outnumbered).
  1742 | D:2      | Reached skill level 3 in Unarmed Combat
  1825 | D:2      | 1825 ||| Stepping ~*~*~tactically~*~*~ (stealth).
  1827 | D:2      | 1827 ||| Stepping ~*~*~tactically~*~*~ (stealth).
  1829 | D:2      | 1829 ||| Stepping ~*~*~tactically~*~*~ (outnumbered).
  1849 | D:2      | 1849 ||| Stepping ~*~*~tactically~*~*~ (stealth).
  2189 | D:2      | Reached XP level 4. HP: 29/35 MP: 5/5
  2345 | D:2      | 2345 ||| READING 2 scrolls labelled QAW CIANIUTA.
  2446 | D:2      | 2446 ||| DRINKING 2 viscous coppery potions.
  2447 | D:2      | 2447 ||| DRINKING 2 green potions.
  2448 | D:2      | 2448 ||| READING 2 scrolls of identify.
  2448 | D:2      | 2448 ||| IDENTIFYING fizzy coppery potion
  2449 | D:2      | 2449 ||| DROPPING potion of flight.
  2450 | D:2      | 2450 ||| DROPPING scroll of silence.
  2470 | D:3      | Found a broken altar of Ashenzari.
  2474 | D:3      | Saw a vision of the Shoals and the Spider Nest.
  2474 | D:3      | Noticed a demonic crawler
  2474 | D:3      | Noticed a boulder beetle
  2474 | D:3      | Noticed an entropy weaver
  2474 | D:3      | Noticed a culicivora
  2474 | D:3      | Noticed a pharaoh ant
  2474 | D:3      | Noticed a redback
  2474 | D:3      | Noticed a snapping turtle
  2474 | D:3      | Noticed a manticore
  2474 | D:3      | Noticed a snapping turtle
  2474 | D:3      | Noticed a sea snake
  2474 | D:3      | Noticed a merfolk aquamancer
  2474 | D:3      | Noticed a wind drake
  2474 | D:3      | Noticed a water elemental
  2474 | D:3      | Noticed a sea snake
  2474 | D:3      | Noticed a sea snake
  2474 | D:3      | Noticed a wind drake
  2474 | D:3      | Noticed a jumping spider
  2475 | D:3      | Noticed a tarantella
  2476 | D:3      | Noticed a redback
  2476 | D:3      | Noticed an emperor scorpion
  2477 | D:3      | Noticed a wolf spider
  2482 | D:3      | Noticed a wolf spider
  2646 | D:3      | 2646 ||| Stepping ~*~*~tactically~*~*~ (hiding).
  2748 | D:3      | 2748 ||| Stepping ~*~*~tactically~*~*~ (hiding).
  2757 | D:3      | HP: 2/35 [gnoll/+0 halberd[a gnoll sergeant] (11)]
  2758 | D:3      | Mangled by a gnoll

Levels and vault maps discovered:
D:1:      onia_arrival_zoo_common, layout_basic,
          chequers_ecumenical_altar_simple_redux
D:2:      minmay_diamond_boxcup, layout_loops_ring
D:3:      layout_loops_ring, grunt_ashenzari_visionary
          [grunt_ashenzari_visionary_shoals, grunt_ashenzari_visionary_spider]

Skill      XL: |  1  2  3 |
---------------+----------+-----
Unarmed Combat | 1 2 3 |  3.9
Fighting       | 1 |  1.0
Dodging        | |  1.7
Stealth        | |  2.1
Spellcasting   | |  1.7
Conjurations   | |  0.7
Fire Magic     | |  2.4

Action                   |  1- 3 |  4- 6 || total
-------------------------+-------+-------++-------
Melee: Unarmed           |   135 |    33 ||   168
       Punch             |     1 |       ||     1
  Use: Scroll            |     3 |     2 ||     5
       Potion            |       |     2 ||     2
 Stab: Sleeping          |     1 |       ||     1
Armor: Robe              |     4 |       ||     4
       Leather armour    |    22 |     4 ||    26
Dodge: Dodged            |    57 |    17 ||    74

Table legend:
 A = Non-vault XP
 B = Vault XP
 C = Vault XP percentage of total XP
 D = Non-vault monster count
 E = Vault monster count
 F = Vault count percentage of total count
                 A         B        C        D         E       F
            +---------+---------+-------+---------+---------+-------
      Total |      75 |      30 |  28.6 |      27 |      10 |  27.0
            +---------+---------+-------+---------+---------+-------
        D:1 |      13 |       0 |   0.0 |       7 |       0 |   0.0
        D:2 |      42 |      30 |  41.7 |      16 |      10 |  38.5
        D:3 |      20 |       0 |   0.0 |       4 |       0 |   0.0
            +---------+---------+-------+---------+---------+-------
